AoeStats
← francoit

Arena

510216804Analyzed
1v1 RM · 12h ago on Sep 30, 2026· 84m 45s· 2 players
Game mode
Random Map
Map size
Tiny (2 player)
Population
200
Speed
Normal
Resources
Standard
Victory
Conquest
Starting age
Dark Age
Ending age
Imperial Age
RankedLock teamsTeams togetherTeam positionsShared explorationLock speedFull tech treeHidden civsTurbo modeCheats
Victory
Defeat
🇦🇷 Malians · Argentina
950
+15
🇺🇸 Slavs · United States
919
-15
Anton
7:55 Loom
12:08 Feudal Age
12:56 Horse Collar
13:03 Double-Bit Axe
17:38 Castle Age
15:52 Stone Mining
15:56 Gold Mining
16:25 Scale Barding Armor
16:32 Bloodlines
17:58 Town Watch
18:34 Bow Saw
19:21 Gold Shaft Mining
19:20 Fletching
20:10 Padded Archer Armor
21:36 Husbandry
21:47 Heavy Plow
26:46 Murder Holes
27:14 Detinets
27:51 Ballistics
27:42 Bodkin Arrow
28:02 Leather Archer Armor
28:20 Masonry
28:50 Leather Archer Armor
30:11 Forging
30:24 Chain Barding Armor
30:49 Wheelbarrow
31:00 Detinets
30:26 Light Cavalry
31:57 Forging
31:49 Husbandry
32:58 Hand Cart
36:33 Iron Casting
39:08 Imperial Age
42:28 Heavy Scorpion
45:32 Onager
46:56 Crop Rotation
49:38 Pikeman
50:18 Squires
50:30 Druzhina
51:45 Hoardings
51:10 Halberdier
55:05 Scale Mail Armor
56:46 Chain Mail Armor
59:01 Plate Mail Armor
60:07 Blast Furnace
59:23 Elite Boyar
66:27 Two-Man Saw
72:37 Cavalier
75:06 Plate Barding Armor
76:16 Ring Archer Armor
83:35 Fortified Wall
83:58 Siege Engineers
francoit
10:40 Feudal Age
12:04 Loom
15:49 Castle Age
30:54 Imperial Age
38:55 Conscription
38:57 Gold Mining
39:20 Forging
39:16 Scale Barding Armor
39:04 Stone Mining
39:51 Wheelbarrow
39:02 Town Watch
41:04 Bloodlines
40:54 Husbandry
41:10 Double-Bit Axe
41:07 Heavy Camel Rider
44:03 Chain Barding Armor
44:19 Iron Casting
44:36 Farimba
46:29 Plate Barding Armor
51:21 Gold Shaft Mining
50:59 Bow Saw
53:19 Stone Shaft Mining
52:31 Light Cavalry
53:51 Hand Cart
53:36 Town Patrol
54:34 Light Cavalry
55:43 Elite Skirmisher
61:50 Horse Collar
67:43 Fletching
67:53 Padded Archer Armor
73:02 Bodkin Arrow
73:23 Leather Archer Armor
80:08 Chemistry
78:50 Spies/Treason
80:21 Onager
Connection lost

Rejoining the realm…

Still unreachable

The connection could not be restored.

Session expired

The server has moved on; the page needs a fresh start.